 Dungeon Crawl Stone Soup version 0.29-a0-876-gfc89b1a5bd (webtiles) character file.

Game seed: 10983252377550417963

47 Monkooky the Shooter (level 3, -6/21 HPs)
             Began as a Kobold Hunter on July 19, 2022.
             Was a Follower of the Shining One.
             Mangled by Crazy Yiuf
             ... wielding a +3 quarterstaff of chaos
              (12 damage)
             ... on level 2 of the Dungeon.
             The game lasted 00:02:30 (2058 turns).

Monkooky the Shooter (Kobold Hunter)                Turns: 2058, Time: 00:02:31

Health: -6/21      AC:  5    Str:  8    XL:     3   Next: 97%
Magic:  3/3        EV: 15    Int: 10    God:    the Shining One [*.....]
Gold:   86         SH:  0    Dex: 20    Spells: 2/2 levels left

rFire   . . .      SeeInvis .   a - +0 shortbow
rCold   . . .      Faith    .   (shield currently unavailable)
rNeg    . . .      Spirit   .   c - +0 leather armour
rPois   .          Reflect  .   k - +2 hat
rElec   .          Harm     .   (no cloak)
rCorr   .          Rampage  .   (no gloves)
Will    .....                   (no boots)
Stlth   +.........              (no amulet)
HPRegen 0.07/turn               (no ring)
MPRegen 0.08/turn               (no ring)

@: mighty, glowing
A: small, no large weapons, nightstalker 3
a: Renounce Religion, Divine Shield


You were on level 2 of the Dungeon.
You worshipped the Shining One.
The Shining One was aware of your devotion.
You visited 1 branch of the dungeon, and saw 2 of its levels.

You collected 86 gold pieces.

Inventory:

Hand Weapons
 a - a +0 shortbow (weapon)
 l - a +1 dagger of pain
Missiles
 j - 4 boomerangs
Armour
 c - a +0 leather armour (worn)
 e - a +0 ring mail
 k - a +2 hat (worn)
 n - a +0 buckler
 r - the +5 ring mail of the Evening Star {*Corrode rPois rN+ Int+2}
   (You found it on level 2 of the Dungeon)

   Int:       It affects your intelligence (+2).
   rPois:     It protects you from poison.
   rN:        It protects you from negative energy.
   *Corrode:  It may corrode you when you take damage.
Jewellery
 m - a ring of poison resistance
Scrolls
 b - a scroll of immolation
 g - 3 scrolls of identify
 p - a scroll of amnesia {unknown}
Potions
 d - a potion of brilliance
 f - a potion of berserk rage {unknown}
 h - a potion of might
 i - a potion of magic {unknown}
 o - a potion of haste {unknown}
 q - a potion of curing {unknown}


   Skills:
 - Level 2.1 Fighting
 + Level 6.7 Ranged Weapons
 + Level 3.0 Dodging
 - Level 1.3 Stealth


You had 2 spell levels left.
You didn't know any spells.
Your spell library contained the following spells:

 Spells                   Type           Power      Damage    Failure   Level
 Sting                    Tmut/Pois      0%         1d3       50%         1
 Poisonous Vapours        Pois/Air       0%         N/A       63%         2
 Dazzling Flash           Conj/Hex       0%         N/A       86%         3
 Olgreb's Toxic Radiance  Pois           0%         N/A       99%         4
 Agony                    Necr           0%         N/A       100%        5
 Silence                  Hex/Air        0%         N/A       100%        5


Dungeon Overview and Level Annotations

Branches:
Dungeon (2/15)

Altars:
The Shining One

Annotations:
D:2 Crazy Yiuf


Innate Abilities, Weirdness & Mutations

You are small and have problems with some larger weapons.
You are completely attuned to the shadows.


Message History

The hobgoblin hits you but does no damage.
You shoot an arrow. The arrow barely misses the hobgoblin.
The hobgoblin hits you but does no damage.
The hobgoblin hits you.
You shoot an arrow. The arrow barely misses the hobgoblin.
The hobgoblin closely misses you.
You shoot an arrow. The arrow hits the hobgoblin!
You kill the hobgoblin!
No target in view!
Found a stone staircase leading down.
You now have 86 gold pieces (gained 8).
There is a stone staircase leading down here.
Found a runed translucent door.
Found a hammer.
You open the door. You shoot an arrow.
The arrow hits Crazy Yiuf but does no damage.
You shoot an arrow. The arrow hits Crazy Yiuf.
Crazy Yiuf is lightly wounded.
You shoot an arrow.
The arrow hits Crazy Yiuf but does no damage.
Crazy Yiuf is lightly wounded.
Crazy Yiuf misses you. Crazy Yiuf completely misses you.
You shoot an arrow. The arrow hits Crazy Yiuf.
Crazy Yiuf is moderately wounded.
Crazy Yiuf hits you with a +3 quarterstaff of chaos!
Ouch! That really hurt!
Crazy Yiuf freezes you.
* * * LOW HITPOINT WARNING * * *
Okay, then.
As you read the scroll labelled VAIJIGONWEWK, it crumbles to dust.
It is a scroll of identify.
d - a potion of brilliance Crazy Yiuf laughs, "Candle!
Walk verde sanguine."
Crazy Yiuf closely misses you.
It was a potion of might.
You feel very mighty all of a sudden.
Crazy Yiuf hits you with a +3 quarterstaff of chaos!
Ouch! That really hurt!
You die...

# #.........# #
#........## #
###'###### ## ###
.# ## #..)# .####P#
#...# .##.#P# ...
....#b# #g# #.### #
##@# #...### #.##
##..(.# ##.# #....#
#.## #....# ##.##
##....# #...##
.#....# #....#
.#....# ##..##
..#+#.########....#


You could see Crazy Yiuf.

Vanquished Creatures
  2 worms (D:2)
  5 endoplasms
  2 giant cockroaches
  2 goblins (D:1)
  5 hobgoblins
  3 quokkas (D:2)
  3 ball pythons
  3 frilled lizards
  6 kobolds
  9 rats
40 creatures vanquished.

Notes
Turn   | Place    | Note
-------+----------+-------------------------------------------
     0 | D:1      | Monkooky the Kobold Hunter began the quest for the Orb.
     0 | D:1      | Reached XP level 1. HP: 12/12 MP: 1/1
   255 | D:1      | Reached XP level 2. HP: 17/17 MP: 2/2
   286 | D:1      | Reached skill level 6 in Ranged Weapons
   878 | D:1      | Reached XP level 3. HP: 21/21 MP: 3/3
  1637 | D:2      | Found a faded altar of an unknown god.
  1645 | D:2      | Prayed at the altar of an unknown god.
  1645 | D:2      | Became a worshipper of the Shining One
  1645 | D:2      | Reached * piety under the Shining One
  1873 | D:2      | Identified the +5 ring mail of the Evening Star {*Corrode
                  | rPois rN+ Int+2}
  2048 | D:2      | Found a runed translucent door.
  2051 | D:2      | Noticed Crazy Yiuf
  2058 | D:2      | Mangled by Crazy Yiuf

Illustrated notes

Levels and vault maps discovered:
D:1:      matt_arrival_refuge, layout_basic
D:2:      layout_basic, shapermc_ecumenical_altar_venn, serial_aquarium,
          aquarium_bridge_square [aquarium_subvault_bridge,
          aquarium_subvault_bridge, aquarium_subvault_bridge,
          aquarium_subvault_window], aquarium_bridge_long_separate
          [aquarium_subvault_bridge, aquarium_subvault_wall,
          aquarium_subvault_window, aquarium_subvault_bridge,
          aquarium_subvault_window, aquarium_subvault_bridge],
          aquarium_window_fake, aquarium_window_corner, aquarium_window_1,
          aquarium_window_1, aquarium_view_2e, aquarium_balcony_5b,
          aquarium_pool_side, uniq_crazy_yiuf_cottage

Skill      XL: |  1  2  3 |
---------------+----------+-----
Ranged Weapons | 6 |  6.7
Dodging        | 3 |  3.0
Fighting       | |  2.1
Stealth        | |  1.3

Action                   || total
-------------------------++-------
 Fire: Shortbow          ||   109
  Use: Scroll            ||     1
       Potion            ||     1
Armor: Leather armour    ||    11
Dodge: Dodged            ||    25

Table legend: (Time is in decaauts)
 A = Elapsed time spent in this place.
 B = Non-inter-level travel time spent in this place.
 C = Inter-level travel time spent in this place.
 D = Time resting spent in this place.
 E = Time spent auto-exploring this place.
 F = Levels seen in this place.
 G = Mean time per level.
                   A        B        C        D        E       F      G
               +--------+--------+--------+--------+--------+-----+--------+
         Total |   2082 |   2024 |     58 |      0 |   1767 |   2 | 1041.0 |
       Dungeon |   2082 |   2024 |     58 |      0 |   1767 |   2 | 1041.0 |
               +--------+--------+--------+--------+--------+-----+--------+

Top non-repeatable levels by time:
     D:1: 1052 daAuts
     D:2: 1030 daAuts
